 Dungeon Crawl Stone Soup version 0.20.1-1-g8b1a95d (webtiles) character file.

89 KleinerIrrer the Insei (level 4, 0/28 HPs)
             Began as an Octopode Transmuter on July 3, 2017.
             Succumbed to an adder's poison
             ... on level 2 of the Dungeon.
             The game lasted 00:03:04 (1639 turns).

KleinerIrrer the Insei (Octopode Transmuter)        Turns: 1639, Time: 00:03:04

Health: 0/28       AC:  1    Str:  9    XL:     4   Next: 55%
Magic:  8/8        EV: 14    Int: 20    God:
Gold:   62         SH:  0    Dex: 13    Spells: 2/9 levels left

rFire    . . .     SeeInvis .   d - +1 dagger (vamp)
rCold    . . .     Gourm    .   (no shield)
rNeg     . . .     Faith    .   (helmet restricted)
rPois    .         Spirit   .   (no amulet)
rElec    .         Reflect  .   (no ring)
rCorr    .         Harm     .   (no ring)
MR       .....                  (no ring)
Stlth    ++........             (no ring)
Regen    0.1/turn               (no ring)
MPRegen  0.2/turn               (no ring)
                                (no ring)
                                (no ring)

@: brilliant, lethally poisoned (0 -> -3), flying
A: almost no armour, stealthy swim, amphibious, 8 rings, constrict 8, camouflage
1, gelatinous body 1
a: no special abilities


You were on level 2 of the Dungeon.
You were not hungry.

You visited 1 branch of the dungeon, and saw 2 of its levels.

You collected 62 gold pieces.

Inventory:

Hand Weapons
 d - a +1 vampiric dagger (weapon)
Missiles
 a - 10 arrows
Scrolls
 h - 2 scrolls of identify {unknown}
 k - a scroll of teleportation {unknown}
 m - a scroll of noise {unknown}
Potions
 f - 2 potions of flight
 g - a potion of lignification {unknown}
 l - a potion of heal wounds {unknown}
 n - a potion of might {unknown}
 p - a potion of resistance {unknown}
Books
 b - a book of Changes

   Spells                             Type                      Level
   a - Beastly Appendage              Transmutation                1
   b - Sticks to Snakes               Transmutation                2
   c - Spider Form                    Transmutation/Poison         3
   d - Ice Form                       Ice/Transmutation            4
   e - Blade Hands                    Transmutation                5
Comestibles
 c - 2 bread rations
 i - a fruit
 o - 2 royal jellies


   Skills:
 - Level 1.0 Fighting
 + Level 2.5 Dodging
 * Level 3.1 Unarmed Combat
 * Level 3.0 Spellcasting
 * Level 3.1 Transmutations
 * Level 0.6 Ice Magic


You had 2 spell levels left.
You knew the following spells:

 Your Spells              Type           Power        Failure   Level  Hunger
a - Beastly Appendage     Tmut           ####..       1%          1    None
b - Sticks to Snakes      Tmut           ####....     1%          2    ##.....
c - Ice Form              Ice/Tmut       ###.....     8%          4    ####...


Dungeon Overview and Level Annotations

Branches:
Dungeon (2/15)

Altars:
Nemelex Xobeh


Innate Abilities, Weirdness & Mutations

You cannot wear most types of armour.
You are very stealthy in the water. (Stealth+)
You are amphibious.
You can wear up to eight rings at the same time.
You can use your tentacles to constrict eight enemies at once.
Your skin changes colour to match your surroundings (Stealth+).
Your rubbery body absorbs attacks. (AC +1, EV +1)


Message History

You squeeze the hobgoblin.
The hobgoblin is severely wounded.
You feel sick. The hobgoblin hits you with a club. The rat closely misses you.
You hit the rat.
You feel better.
Your grab misses the rat.
The rat is moderately wounded.
The hobgoblin hits you with a club. The rat misses you.
You closely miss the rat. You grab the rat.
The rat is moderately wounded.
You constrict the rat. The hobgoblin hits you with a club!
* * * LOW HITPOINT WARNING * * *
The rat bites you.
* * * LOW HITPOINT WARNING * * *
It was a potion of flight.
You feel very buoyant.
You fly up into the air.
You constrict the rat.
You kill the rat!
The hobgoblin completely misses you.
It was a potion of brilliance.
You feel clever all of a sudden.
You die...

..r..#.# g... ..#
>l. #.# # ... #.#
#.###S###.# ##
#.#...... ..# .#
#.......###g# .#
♣♣♣ ♣♣♣.r(.@#
.###♣♣.♣♣♣P..#####
...>♣...P♣.♣##
.#..♣.♣♣...♣
.#...♣♣♣P.♣♣
...#♣♣ ♣♣♣♣ ....
##### #


You could see a hobgoblin and a rat.

Vanquished Creatures
  A gnoll (D:1)
  3 adders (D:2)
  2 leopard geckos (D:2)
  2 giant cockroaches
  5 goblins
  3 hobgoblins (D:1)
  6 kobolds
  2 bats (D:1)
  2 frilled lizards (D:2)
  5 rats
31 creatures vanquished.

Vanquished Creatures (collateral kills)
  Terence (D:2)
  A leopard gecko (D:2)
2 creatures vanquished.

Grand Total: 33 creatures vanquished

Notes
Turn   | Place    | Note
-------+----------+-------------------------------------------
     0 | D:1      | KleinerIrrer the Octopode Transmuter began the quest for the Orb.
     0 | D:1      | Reached XP level 1. HP: 13/13 MP: 3/3
   117 | D:1      | Reached XP level 2. HP: 11/18 MP: 5/5
   786 | D:1      | Reached XP level 3. HP: 20/23 MP: 6/6
  1195 | D:2      | Learned a level 2 spell: Sticks to Snakes
  1205 | D:2      | Found a sparkling altar of Nemelex Xobeh.
  1217 | D:2      | Noticed Terence
  1228 | D:2      | Killed Terence
  1283 | D:2      | Reached XP level 4. HP: 28/28 MP: 8/8
  1289 | D:2      | Learned a level 4 spell: Ice Form
  1637 | D:2      | HP: 1/28 [rat (3)]
  1639 | D:2      | Succumbed to an adder's poison

Skill      XL: |  1  2  3 |
---------------+----------+-----
Spellcasting   | 3 |  3.0
Transmutations | 3 |  3.1
Fighting       | |  1.0
Dodging        | |  2.5
Unarmed Combat | |  3.1
Ice Magic      | |  0.6

Action                   |  1- 3 |  4- 6 || total
-------------------------+-------+-------++-------
Melee: Unarmed           |    33 |       ||    33
       Constrict         |    19 |     5 ||    24
       Tentacles         |     9 |     6 ||    15
       Dagger            |    31 |    20 ||    51
       Kick              |     1 |       ||     1
 Cast: Sticks to Snakes  |     2 |       ||     2
       Beastly Appendage |     1 |       ||     1
  Use: Potion            |       |     2 ||     2
 Stab: Distracted        |     1 |       ||     1
  Eat: Chunk             |     1 |     1 ||     2
       Meat ration       |     1 |       ||     1
Armor: Skin              |     3 |       ||     3
Dodge: Dodged            |    39 |    12 ||    51
